AoeStats
← Philip Morris

Arabian Desert

510293174Analyzed
1v1 RM · 2d ago on Sep 30, 2026· 31m 2s· 2 players
Game mode
Random Map
Map size
Tiny (2 player)
Population
200
Speed
Normal
Resources
Standard
Victory
Conquest
Starting age
Dark Age
Ending age
Imperial Age
RankedLock teamsTeams togetherTeam positionsShared explorationLock speedFull tech treeHidden civsTurbo modeCheats
Victory
Defeat
🇦🇷 Goths · Argentina
1205
+17
🇦🇺 Poles · Australia
1222
-17
Philip Morris
0:26 Loom
13:16 Feudal Age
13:42 Man-at-Arms
15:45 Forging
16:38 Scale Mail Armor
17:11 Double-Bit Axe
19:28 Fletching
25:07 Wheelbarrow
24:34 Padded Archer Armor
29:26 Castle Age
31:10 Iron Casting
30:27 Long Swordsman
31:41 Squires
aurangzaib.zahoor
7:56 Loom
10:04 Feudal Age
10:49 Double-Bit Axe
17:59 Forging
20:34 Scale Barding Armor
23:31 Fletching
26:54 Horse Collar
29:50 Wheelbarrow
29:01 Town Watch
Connection lost

Rejoining the realm…

Still unreachable

The connection could not be restored.

Session expired

The server has moved on; the page needs a fresh start.